cohdb
Replays
Latest Replays
All Replays
Popular Replays
Top Player Replays
Match Explorer
How It Works
Community
CoH3 Stats
Reddit
Sign in to upload your games and track your stats! →
Sign in with Steam
Match 40964517
Unlisted
Match 40964517
Overview
Messages
Build Orders
End
Panzergrenadier Squad
Selects Panzerjäger Kommand Battlegroup
Kradschützen Motorcycle Team
Selects Blockade Equipment
Panzerpioneer Squad
Panzergrenadier Squad
Panzergrenadier Squad
Construct Light Support Kompanie
Fire Support Elements
Selects Defensive Positions
Flakvierling Half-track
Panzerjäger Mechanized Group
Selects Tank Busters
2.5-tonne Medical Truck
Construct Panzerarmee Kommand
Selects Butterfly Bomb Drop
Walking Stuka Rocket Launcher
Veteran Squad Leaders
Butterfly Bomb Drop
Armored Reserves
Selects Crew Shock Tactics
Butterfly Bomb Drop
Tiger Heavy Tank
PhoneyMcRing
Hareun
insanepiglet
ModMapper
Roamin
yapster
HIMYNAMEISHO
Squigergy
0
0
Comments
sign in to comment!
No comments posted yet!